AoeStats
← richarddf123

Arena

509492489Analyzed
3v3 RM · 4d ago on Sep 27, 2026· 54m 52s· 6 players
Game mode
Random Map
Map size
Normal (6 player)
Population
200
Speed
Normal
Resources
Standard
Victory
Conquest
Starting age
Dark Age
Ending age
Imperial Age
RankedLock teamsTeams togetherTeam positionsShared explorationLock speedFull tech treeHidden civsTurbo modeCheats
Victory
Defeat
🇨🇱 Vietnamese · Chile
812
+13
🇧🇷 Khmer · Brazil
763
+15
🇺🇸 Franks · United States
757
+15
🇦🇷 Celts · Argentina
790
-17
🇦🇷 Turks · Argentina
783
-16
🇦🇷 Italians · Argentina
628
-10
Diego-NA
11:52 Feudal Age
12:21 Loom
13:16 Wheelbarrow
13:26 Horse Collar
13:37 Double-Bit Axe
20:33 Stone Mining
24:14 Castle Age
25:46 Bloodlines
25:49 Scale Barding Armor
26:24 Pikeman
36:01 Bow Saw
39:02 Scale Mail Armor
44:53 Imperial Age
42:40 Hand Cart
42:00 Man-at-Arms
42:50 Caravan
43:00 Elite Skirmisher
46:42 Chemistry
45:52 Fortified Wall
46:03 Ballistics
47:29 Husbandry
48:20 Chain Barding Armor
47:52 Fletching
48:36 Capped Ram
50:48 Conscription
49:55 Siege Ram
51:05 Light Cavalry
51:20 Heavy Scorpion
52:31 Heavy Plow
53:39 Imperial Skirmisher
54:15 Long Swordsman
Necropulpectomía
0:27 Loom
10:57 Feudal Age
12:33 Wheelbarrow
16:16 Castle Age
14:46 Double-Bit Axe
14:42 Horse Collar
17:47 Hand Cart
17:36 Heavy Plow
17:50 Bow Saw
20:17 Loom
24:08 Scale Mail Armor
24:03 Stone Mining
24:05 Gold Mining
24:05 Stone Mining
27:00 Squires
28:46 Chain Mail Armor
28:42 Forging
29:37 Arson
38:44 Imperial Age
37:26 Fletching
37:36 Padded Archer Armor
38:01 Ballistics
37:21 Treadmill Crane
37:52 Masonry
37:53 Fortified Wall
37:38 Murder Holes
40:02 Plate Mail Armor
39:28 Bodkin Arrow
39:49 Leather Archer Armor
40:12 Iron Casting
39:04 Elite Fire Lancer
40:44 Paper Money
39:45 Elite Rattan Archer
41:01 Hoardings
40:27 Chatras
39:52 Elite Skirmisher
40:37 Thumb Ring
41:43 Chemistry
40:49 Siege Engineers
41:05 Capped Ram
42:15 Bracer
42:45 Ring Archer Armor
41:41 Imperial Skirmisher
47:23 Scale Barding Armor
51:33 Bombard Tower
51:37 Chain Barding Armor
richarddf123
9:23 Feudal Age
7:39 Loom
18:17 Castle Age
16:28 Double-Bit Axe
21:20 Pikeman
24:21 Wheelbarrow
24:15 Gold Mining
24:15 Stone Mining
27:45 Bow Saw
28:04 Ballistics
29:42 Murder Holes
34:52 Imperial Age
35:56 Town Watch
37:12 Town Patrol
37:27 Hand Cart
39:13 Chemistry
40:01 Ordonnance Companies
40:07 Halberdier
41:54 Cavalier
42:35 Husbandry
44:24 Conscription
44:04 Onager
47:19 Forging
47:36 Siege Engineers
47:44 Elite Throwing Axeman
50:52 Caravan
Den0f
11:14 Feudal Age
17:12 Castle Age
18:25 Double-Bit Axe
26:20 Imperial Age
25:17 Bow Saw
24:53 Horse Collar
25:28 Gold Mining
25:32 Stone Mining
26:30 Bow Saw
28:17 Bloodlines
28:08 Husbandry
30:14 Forging
30:09 Scale Barding Armor
30:11 Heavy Plow
30:56 Gold Shaft Mining
35:20 Iron Casting
35:06 Chain Barding Armor
34:36 Elite Janissary
Alice Cooper
8:13 Loom
11:59 Feudal Age
16:42 Castle Age
18:40 Pikeman
19:24 Scale Mail Armor
19:35 Forging
20:18 Gold Mining
20:19 Stone Mining
22:19 Horse Collar
24:24 Arson
28:05 Double-Bit Axe
31:07 Wheelbarrow
37:34 Imperial Age
35:52 Chain Mail Armor
37:42 Bow Saw
37:35 Heavy Plow
38:09 Hand Cart
37:52 Stronghold
39:00 Iron Casting
39:18 Elite Woad Raider
44:59 Blast Furnace
50:20 Plate Mail Armor
Jonex2677
10:25 Feudal Age
11:58 Loom
12:51 Wheelbarrow
13:00 Double-Bit Axe
12:58 Horse Collar
22:05 Castle Age
20:34 Gold Mining
20:36 Stone Mining
25:39 Hand Cart
28:58 Stone Shaft Mining
29:41 Ballistics
29:34 Fortified Wall
30:42 Fletching
30:53 Padded Archer Armor
54:13 Elite Skirmisher
Connection lost

Rejoining the realm…

Still unreachable

The connection could not be restored.

Session expired

The server has moved on; the page needs a fresh start.